 Dungeon Crawl Stone Soup version 0.21-a0-582-g1b93aee (webtiles) character file.

725 wvc the Ducker (level 7, -11/53 HPs)
             Began as a Gnoll Wanderer on Dec 17, 2017.
             Mangled by an ogre
             ... wielding a +0 giant spiked club
              (22 damage)
             ... on level 4 of the Dungeon on Dec 19, 2017.
             The game lasted 00:12:48 (4535 turns).

wvc the Ducker (Gnoll Wanderer)                     Turns: 4535, Time: 00:12:49

Health: -11/53     AC: 20    Str: 20    XL:     7   Next: 72%
Magic:  10/10      EV: 14    Int: 14    God:
Gold:   114        SH:  0    Dex: 15    Spells: 11/11 levels left

rFire    . . .     SeeInvis .   g - +2 flail (protect)
rCold    + + .     Gourm    .   (no shield)
rNeg     . . .     Faith    .   i - +1 ring mail of Seidie {*Slow +Blink rC++ Stlth-}
rPois    .         Spirit   .   (no helmet)
rElec    .         Reflect  .   k - +1 cloak
rCorr    .         Harm     .   (no gloves)
MR       .....                  (no boots)
Stlth    +.........             (no amulet)
HPRegen  0.17/turn              l - +4 ring of strength
MPRegen  0.12/turn              b - +4 ring of protection

@: protection aura, hasted, very quick
A: distributed training, fangs 1, strong nose
a: Evoke Blink


You were on level 4 of the Dungeon.
You were not hungry.

You visited 1 branch of the dungeon, and saw 4 of its levels.

You collected 114 gold pieces.

Inventory:

Hand Weapons
 a - a +3 trident
 g - a +2 flail of protection (weapon)
Armour
 c - a +0 ring mail
 i - the +1 ring mail of Seidie (worn) {*Slow +Blink rC++ Stlth-}
   (You found it on level 4 of the Dungeon)

   It greatly protects you from cold.
   It lets you blink.
   It may slow you when you take damage.
   It makes you less stealthy.
 k - a +1 cloak (worn)
Jewellery
 b - a +4 ring of protection (right hand)
 l - a +4 ring of strength (left hand)
 q - an uncursed ring of fire
Scrolls
 e - 8 scrolls of teleportation
 o - a scroll of remove curse
 p - 3 scrolls of fear
Potions
 d - a potion of curing
 h - a potion of ambrosia
 j - a potion of heal wounds {unknown}
 m - 2 potions of haste
 n - a potion of magic {unknown}
 t - a potion of lignification {unknown}
 u - 2 potions of invisibility
Comestibles
 f - 3 rations
 r - 3 chunks of flesh


   Skills:
 + Level 3.7 Fighting
 + Level 2.6 Short Blades
 + Level 2.6 Long Blades
 + Level 2.6 Axes
 + Level 2.6 Maces & Flails
 + Level 2.6 Polearms
 + Level 2.6 Staves
 + Level 2.6 Slings
 + Level 3.7 Bows
 + Level 2.6 Crossbows
 + Level 2.6 Throwing
 + Level 5.3 Armour
 + Level 5.3 Dodging
 + Level 5.0 Stealth
 + Level 3.7 Shields
 + Level 2.6 Unarmed Combat
 + Level 2.6 Spellcasting
 + Level 2.1 Conjurations
 + Level 2.1 Hexes
 + Level 2.1 Charms
 + Level 2.1 Summonings
 + Level 2.1 Necromancy
 + Level 2.1 Translocations
 + Level 2.1 Transmutations
 + Level 2.1 Fire Magic
 + Level 2.1 Ice Magic
 + Level 2.1 Air Magic
 + Level 2.1 Earth Magic
 + Level 2.1 Poison Magic
 + Level 2.9 Invocations
 + Level 3.7 Evocations


You had 11 spell levels left.
You didn't know any spells.

Dungeon Overview and Level Annotations

Branches:
Dungeon (4/15)
 Temple: D:4-7

Altars:
Cheibriados
Gozag
Ru
Uskayaw

Annotations:
D:4 exclusion: ogre


Innate Abilities, Weirdness & Mutations

Your experience applies equally to all skills.
You have very sharp teeth.
Your uncanny sense of smell can sniff out nearby items.


Message History

You are too injured to fight recklessly!
You are too injured to fight recklessly!
You are too injured to fight recklessly!
You are too injured to fight recklessly!
You feel yourself speed up.
The ogre hits you with a giant spiked club!
* * * LOW HITPOINT WARNING * * *
You barely miss the ogre.
The ogre is moderately wounded.
The ogre closely misses you.
You barely miss the ogre. You bite the ogre, but do no damage.
The ogre is moderately wounded.
You barely miss the ogre. You bite the ogre.
The ogre is moderately wounded.
The ogre closely misses you.
You sock the ogre!
Your weapon exudes an aura of protection.
The ogre is almost dead.
The ogre hits you with a giant spiked club!!
You die...

###.......##
##.........#
.#.##
.'.........+
....
##.........#
...#
###.......## ...
# # ##.....##
..#.# # ##...##
##..#.# # ##'##
#O....### # #[#
#@.......
######.#
#.###.#.#####
....##.##
#.......#
###.#...##
#####.###
#......# #.#
#.....## #.#
####.#########.#
#...........#
#.###########


You could see an ogre.

Vanquished Creatures
  A phantom (D:4)
  An ogre (D:4)
  A water moccasin skeleton (D:2)
  A hound (D:4)
  3 bullfrog skeletons (D:4)
  An iguana (D:4)
  Terence (D:2)
  An orc wizard (D:3)
  2 worker ants (D:4)
  12 adders
  An ooze (D:1)
  An adder skeleton (D:4)
  6 worms
  6 dart slugs
  16 orcs
  9 giant cockroaches
  3 goblins
  7 hobgoblins
  14 jackals
  2 quokkas
  2 ball pythons (D:2)
  10 bats
  8 frilled lizards
  8 kobolds
  6 rats
123 creatures vanquished.

Notes
Turn   | Place    | Note
-------+----------+-------------------------------------------
     0 | D:1      | wvc the Gnoll Wanderer began the quest for the Orb.
     0 | D:1      | wvc set off with: a +2 dagger, a potion of berserk rage, a +0 ring mail, a potion of curing, a bread ration
     0 | D:1      | Reached XP level 1. HP: 17/17 MP: 2/2
   147 | D:1      | Reached XP level 2. HP: 22/23 MP: 3/3
   491 | D:1      | Reached XP level 3. HP: 28/28 MP: 4/4
   754 | D:2      | Reached skill level 1 in Invocations
   775 | D:2      | Reached skill level 1 in Short Blades
   775 | D:2      | Reached skill level 1 in Long Blades
   775 | D:2      | Reached skill level 1 in Axes
   775 | D:2      | Reached skill level 1 in Maces & Flails
   775 | D:2      | Reached skill level 1 in Polearms
   775 | D:2      | Reached skill level 1 in Staves
   775 | D:2      | Reached skill level 1 in Slings
   775 | D:2      | Reached skill level 1 in Crossbows
   775 | D:2      | Reached skill level 1 in Throwing
   775 | D:2      | Reached skill level 1 in Unarmed Combat
   775 | D:2      | Reached skill level 1 in Spellcasting
   775 | D:2      | Reached XP level 4. HP: 27/34 MP: 4/6
   776 | D:2      | Upgraded the game from 0.21-a0-552-g593960d to 0.21-a0-582-g1b93aee
  1034 | D:2      | Reached skill level 1 in Conjurations
  1034 | D:2      | Reached skill level 1 in Hexes
  1034 | D:2      | Reached skill level 1 in Charms
  1034 | D:2      | Reached skill level 1 in Summonings
  1034 | D:2      | Reached skill level 1 in Necromancy
  1034 | D:2      | Reached skill level 1 in Translocations
  1034 | D:2      | Reached skill level 1 in Transmutations
  1034 | D:2      | Reached skill level 1 in Fire Magic
  1034 | D:2      | Reached skill level 1 in Ice Magic
  1034 | D:2      | Reached skill level 1 in Air Magic
  1034 | D:2      | Reached skill level 1 in Earth Magic
  1034 | D:2      | Reached skill level 1 in Poison Magic
  1074 | D:2      | Reached XP level 5. HP: 33/40 MP: 7/7
  1536 | D:2      | Found a sacrificial altar of Ru.
  1986 | D:3      | Reached XP level 6. HP: 47/47 MP: 8/8
  2582 | D:3      | Noticed Terence
  2650 | D:2      | Killed Terence
  2650 | D:2      | Reached skill level 5 in Armour
  2650 | D:2      | Reached skill level 5 in Dodging
  3236 | D:4      | Found a snail-covered altar of Cheibriados.
  3524 | D:4      | Got a translucent ring mail
  3535 | D:4      | Identified the +1 ring mail of Seidie {*Slow +Blink rC++ Stlth-} (You found it on level 4 of the Dungeon)
  3819 | D:4      | Found an opulent altar of Gozag.
  3820 | D:4      | Found a hide-covered altar of Uskayaw.
  3941 | D:4      | Reached XP level 7. HP: 30/52 MP: 10/10
  4320 | D:4      | Reached skill level 5 in Stealth
  4535 | D:4      | Mangled by an ogre

Vault maps used:
D:1:      dpeg_arrival_more_subterranean_lakeside_camping,
          hangedman_feature_mirror
D:2:      nicolae_ru_path_of_blood, first_bread
D:3:      uniq_terence
D:4:      cheibrodos_barr_body, cheibriados_altar_1,
          gammafunk_temple_overflow_pools

Skill      XL: |  1  2  3  4  5  6  7 |
---------------+----------------------+-----
Invocations    | 1 2 |  2.9
Short Blades   | 1 2 |  2.6
Long Blades    | 1 2 |  2.6
Axes           | 1 2 |  2.6
Maces & Flails | 1 2 |  2.6
Polearms       | 1 2 |  2.6
Staves         | 1 2 |  2.6
Slings         | 1 2 |  2.6
Crossbows      | 1 2 |  2.6
Throwing       | 1 2 |  2.6
Unarmed Combat | 1 2 |  2.6
Spellcasting   | 1 2 |  2.6
Conjurations   | 1 2 |  2.1
Hexes          | 1 2 |  2.1
Charms         | 1 2 |  2.1
Summonings     | 1 2 |  2.1
Necromancy     | 1 2 |  2.1
Translocations | 1 2 |  2.1
Transmutations | 1 2 |  2.1
Fire Magic     | 1 2 |  2.1
Ice Magic      | 1 2 |  2.1
Air Magic      | 1 2 |  2.1
Earth Magic    | 1 2 |  2.1
Poison Magic   | 1 2 |  2.1
Fighting       | 3 |  3.7
Bows           | 3 |  3.7
Shields        | 3 |  3.7
Evocations     | 3 |  3.7
Armour         | 5 |  5.3
Dodging        | 5 |  5.3
Stealth        | 5 |  5.0

Action                   |  1- 3 |  4- 6 |  7- 9 || total
-------------------------+-------+-------+-------++-------
Melee: Dagger            |    96 |   310 |       ||   406
       Bite              |    12 |    49 |     9 ||    70
       Punch             |       |     2 |       ||     2
       Flail             |       |    67 |    66 ||   133
  Use: Scroll            |       |    10 |       ||    10
       Potion            |       |     1 |     1 ||     2
 Stab: Sleeping          |     4 |     2 |       ||     6
  Eat: Chunk             |       |     7 |     2 ||     9
       Ration            |       |     1 |       ||     1
Armor: Ring mail         |    38 |   132 |    27 ||   197
Dodge: Dodged            |    56 |   204 |    41 ||   301

Table legend:
 A = Spawn XP
 B = Non-spawn XP
 C = Spawn XP percentage of total XP
 D = Spawn monster count
 E = Non-spawn monster count
 F = Spawn count percentage of total count
 G = Total turns spent on level
                    A         B        C        D         E        F      G
               +---------+---------+-------+---------+---------+-------+---------
         Total |       0 |    1037 |   0.0 |       0 |     123 |   0.0 |  4535
               +---------+---------+-------+---------+---------+-------+---------
           D:1 |       0 |      50 |   0.0 |       0 |      25 |   0.0 |   691
           D:2 |       0 |     278 |   0.0 |       0 |      34 |   0.0 |  1268
           D:3 |       0 |     129 |   0.0 |       0 |      31 |   0.0 |  1207
           D:4 |       0 |     580 |   0.0 |       0 |      33 |   0.0 |  1369
               +---------+---------+-------+---------+---------+-------+---------
